 Dungeon Crawl Stone Soup version 0.30-a0-371-gad7725a93e (webtiles) character file.

Game seed: 13326587584475303665

47 IdlyInterested the Covered (level 3, 0/28 HPs)
             Began as a Demonspawn Wanderer on Nov 21, 2022.
             Killed from afar by Sigmund (3 damage)
             ... with a magic dart
             ... on level 2 of the Dungeon.
             The game lasted 00:06:55 (1018 turns).

IdlyInterested the Covered (Demonspawn Wanderer)    Turns: 1018, Time: 00:06:55

Health: 0/28       AC:  9    Str: 11    XL:     3   Next: 48%
Magic:  0/3        EV: 11    Int: 11    God:
Gold:   68         SH:  0    Dex: 17    Spells: 2/2 levels left

rFire   . . .      SeeInvis .    a - +1 short sword
rCold   . . .      Faith    .    (no shield)
rNeg    . . .      Spirit   +    b - +2 scale mail
rPois   .          Reflect  .    (helmet restricted)
rElec   .          Harm     .    (no cloak)
rCorr   .          Rampage  .    (no gloves)
Will    .....                    (no boots)
Stlth   +.........               f - amulet of guardian spirit
HPRegen 0.24/turn                (no ring)
MPRegen 0.08/turn                (no ring)

@: hasted, very quick
A: horns 1, sturdy frame 1
a: no special abilities


You were on level 2 of the Dungeon.
You visited 1 branch of the dungeon, and saw 2 of its levels.

You collected 68 gold pieces.

Inventory:

Hand Weapons
 a - a +1 short sword (weapon)
Missiles
 g - 9 stones (quivered)
Armour
 b - a +2 scale mail (worn)
 h - a +0 ring mail
 m - a +0 chain mail
Jewellery
 f - an amulet of guardian spirit (around neck)
Scrolls
 e - a scroll of blinking {unknown}
Potions
 d - a potion of brilliance


   Skills:
 * Level 2.6 Fighting
 - Level 1.0 Short Blades
 - Level 1.0 Throwing
 - Level 4.0 Armour
 - Level 3.0 Dodging


You had 2 spell levels left.
You didn't know any spells.
Your spell library was empty.

Dungeon Overview and Level Annotations

Branches:
Dungeon (2/15)

Altars:

Shops:
D:1 =[

Annotations:
D:2 Sigmund


Innate Abilities, Weirdness & Mutations

You have a pair of small horns on your head.
Your movements are slightly less encumbered by armour. (ER -2)


Message History

Sigmund points at you and mumbles some strange words.
You are more confused.
Sigmund giggles. "Time to reap what you sow."
Sigmund gestures at you while chanting. The magic dart hits you!
You're too confused to move!
Sigmund closely misses you. Sigmund hits you but does no damage.
You barely miss Sigmund.
Sigmund is moderately wounded.
Sigmund hits you with a +6 scythe!
You feel better. Sigmund casts a spell at you. The puff of flame hits you.
You hit Sigmund but do no damage. You punch Sigmund.
Sigmund is moderately wounded.
Sigmund hits you with a +6 scythe!
* * * LOW HITPOINT WARNING * * *
You feel better.
You hit Sigmund. Your headbutt misses Sigmund.
Sigmund is moderately wounded.
Sigmund points at you and mumbles some strange words.
You are confused.
Sigmund hits you with a +6 scythe.
You hit Sigmund. Your headbutt misses Sigmund.
Sigmund is heavily wounded.
You miss Sigmund.
Sigmund is heavily wounded.
Sigmund hits you with a +6 scythe.
* * * LOW HITPOINT WARNING * * *
Sigmund casts a spell.
Sigmund flickers and vanishes!
Deactivating autopickup; reactivate with Ctrl-A.
Something hits you.
* * * LOW HITPOINT WARNING * * *
You closely miss something.
You are too confused!
You feel less confused.
A magic dart appears from out of thin air!
The magic dart hits you.
You die...

#.#.. ............
#.#.####.##..#.....
#.#.#.##.#.........
#.#................
#.......##.####....
#....)..##.# #..<.
#...{.####.# ##.##
#.....####.# ...#
##@........#...###
+.........#...
#...#........
#...#........
#...#....(..
###.......(
#.####### #..


There were no monsters in sight!

Vanquished Creatures
  2 adders
  2 bats (D:1)
  4 endoplasms
  2 giant cockroaches
  2 goblins
  4 hobgoblins (D:1)
  4 kobolds
  2 ball pythons (D:1)
  3 frilled lizards (D:1)
  A rat (D:1)
26 creatures vanquished.

Notes
Turn   | Place    | Note
-------+----------+-------------------------------------------
     0 | D:1      | IdlyInterested the Demonspawn Wanderer began the quest for
                  | the Orb.
     0 | D:1      | IdlyInterested set off with the following items: a +0 short
                  | sword, a +2 scale mail, a potion of curing, a potion of
                  | brilliance.
     0 | D:1      | Reached XP level 1. HP: 15/15 MP: 1/1
    74 | D:1      | Found Eneama's Jewellery Shop.
    88 | D:1      | Reached skill level 4 in Armour
    88 | D:1      | Gained mutation: Your movements are slightly less
                  | encumbered by armour. (ER -2) [demonic ancestry]
    88 | D:1      | Reached XP level 2. HP: 15/21 MP: 2/2
   299 | D:1      | Found a faded altar of an unknown god.
   522 | D:1      | Found Ladwulan's Antique Armour Shoppe.
   738 | D:2      | Noticed Sigmund
   771 | D:1      | Gained mutation: You have a pair of small horns on your
                  | head. [demonic ancestry]
   771 | D:1      | Reached XP level 3. HP: 17/27 MP: 3/3
  1018 | D:2      | Killed from afar by Sigmund

Illustrated notes

Levels and vault maps discovered:
D:1:      ebering_trefoil_twist, layout_basic, serial_shops, shop,
          nicolae_diamond_shop, chequers_ecumenical_altar_simple_redux,
          minmay_pentomino_t2
D:2:      kb_forest_paths, layout_basic, uniq_sigmund, uniq_natasha

Skill      XL: |  1  2 |
---------------+-------+-----
Armour         | 4 |  4.0
Fighting       | 2 |  2.6
Dodging        | 3 |  3.0
Short Blades   | |  1.0
Throwing       | |  1.0

Action                   || total
-------------------------++-------
Melee: Short sword       ||   139
       Punch             ||     3
       Headbutt          ||     3
Throw: Dart              ||     2
  Use: Scroll            ||     3
       Potion            ||     3
Armor: Scale mail        ||    67
Dodge: Dodged            ||    71

Table legend: (Time is in decaauts)
 A = Elapsed time spent in this place.
 B = Non-inter-level travel time spent in this place.
 C = Inter-level travel time spent in this place.
 D = Time resting spent in this place.
 E = Time spent auto-exploring this place.
 F = Levels seen in this place.
 G = Mean time per level.
                   A        B        C        D        E       F      G
               +--------+--------+--------+--------+--------+-----+--------+
         Total |   1001 |    874 |    127 |     60 |    484 |   2 |  500.5 |
       Dungeon |   1001 |    874 |    127 |     60 |    484 |   2 |  500.5 |
               +--------+--------+--------+--------+--------+-----+--------+

Top non-repeatable levels by time:
     D:1: 890 daAuts
     D:2: 111 daAuts
